 Dungeon Crawl Stone Soup version 0.21.1 (webtiles) character file.

107 JeffiDaFish the Conjurer (level 4, -4/30 HPs)
             Began as a Mummy Conjurer on Feb 3, 2018.
             Slain by a worker ant (6 damage)
             ... on level 3 of the Dungeon.
             The game lasted 00:06:39 (2031 turns).

JeffiDaFish the Conjurer (Mummy Conjurer)           Turns: 2031, Time: 00:06:39

Health: -4/30      AC:  2    Str: 11    XL:     4   Next: 56%
Magic:  1/9        EV: 12    Int: 15    God:
Gold:   125        SH:  0    Dex: 12    Spells: 4/10 levels left

rFire    x . .     SeeInvis .   e - +1 whip (elec)
rCold    + . .     Gourm    .   (no shield)
rNeg     + + +     Faith    .   a - +0 robe
rPois    ∞         Spirit   .   (no helmet)
rElec    .         Reflect  .   (no cloak)
rCorr    .         Harm     .   (no gloves)
MR       +....                  (no boots)
Stlth    ++........             (no amulet)
HPRegen  0.10/turn              c - ring of protection from magic
MPRegen  0.11/turn              (no ring)

@: no status effects
A: no food or potions, fire vulnerability, cold resistance 1, negative energy
resistance 3, torment resistance, unbreathing
a: no special abilities


You were on level 3 of the Dungeon.
You were not hungry.

You visited 1 branch of the dungeon, and saw 3 of its levels.

You collected 125 gold pieces.

Inventory:

Hand Weapons
 e - a +1 whip of electrocution (weapon)
Armour
 a - a +0 robe (worn)
Jewellery
 c - a ring of protection from magic (left hand)
Scrolls
 d - 2 scrolls of teleportation
Books
 b - a book of Conjurations

   Spells                             Type                      Level
   a - Magic Dart                     Conjuration                  1
   b - Searing Ray                    Conjuration                  2
   c - Dazzling Spray                 Conjuration/Hexes            3
   d - Fulminant Prism                Conjuration/Hexes            4
   e - Force Lance                    Conjuration/Translocation    4
   f - Iskenderun's Mystic Blast      Conjuration                  4


   Skills:
   Level 0.1 Short Blades
 + Level 0.4 Maces & Flails
   Level 0.0 Polearms
 * Level 2.3 Dodging
 + Level 1.7 Stealth
 * Level 3.6 Spellcasting
 * Level 4.1 Conjurations
 + Level 0.3 Hexes


You had 4 spell levels left.
You knew the following spells:

 Your Spells              Type           Power        Failure   Level  Hunger
a - Magic Dart            Conj           ###.         3%          1    N/A
b - Searing Ray           Conj           ###...       5%          2    N/A
c - Dazzling Spray        Conj/Hex       #.....       22%         3    N/A

Dungeon Overview and Level Annotations

Branches:
Dungeon (3/15)

Altars:
Qazlal
Uskayaw

Annotations:
D:2 Terence


Innate Abilities, Weirdness & Mutations

You do not eat or drink.
Your flesh is vulnerable to fire.
You are immune to poison.
Your flesh is cold resistant. (rC+)
You are immune to negative energy. (rN+++)
You are immune to unholy pain and torment.
You can survive without breathing.


Message History

The worker ant is lightly wounded.
Casting: Magic Dart
Confirm with . or Enter, or press ? or * to list all spells.
Aiming: Magic Dart
Press: ? - help, Shift-Dir - straight line, f/p - worker ant
Aim: a worker ant (lightly wounded)
The magic dart hits the worker ant.
The worker ant is heavily wounded.
Casting: Magic Dart
Confirm with . or Enter, or press ? or * to list all spells.
You don't have enough magic to cast that spell.
Unknown command.
You barely miss the worker ant.
The worker ant is heavily wounded.
The worker ant bites you.
* * * LOW HITPOINT WARNING * * *
You closely miss the worker ant.
The worker ant is heavily wounded.
The worker ant bites you.
You die...

#...........#..........#.# )
#..!..........%.#.######..
#. ##........†.######... ..)
.(. ...####..............
.... #...
#..........)....#..... ..#.
#....##.#####.........#.....
.....)................#
.....##.........a.....# ..##
#######...@..>..#.
###......... ##########


You could see a worker ant.

Vanquished Creatures
  3 adders (D:2)
  An ooze (D:2)
  A worm (D:2)
  2 dart slugs
  A leopard gecko (D:2)
  8 orcs (D:3)
  5 bats
  3 giant cockroaches
  8 goblins
  4 hobgoblins
  4 jackals (D:3)
  4 kobolds
  A quokka (D:3)
  A ball python (D:3)
  A frilled lizard (D:2)
  8 rats
55 creatures vanquished.

Notes
Turn   | Place    | Note
-------+----------+-------------------------------------------
     0 | D:1      | JeffiDaFish the Mummy Conjurer began the quest for the Orb.
     0 | D:1      | Reached XP level 1. HP: 13/13 MP: 4/4
   137 | D:1      | Reached XP level 2. HP: 19/19 MP: 1/5
   483 | D:2      | Learned a level 2 spell: Searing Ray
   503 | D:2      | Reached XP level 3. HP: 9/24 MP: 3/7
   817 | D:2      | Found a hide-covered altar of Uskayaw.
  1025 | D:2      | Found a faded altar of an unknown god.
  1164 | D:2      | Learned a level 3 spell: Dazzling Spray
  1273 | D:2      | Found a stormy altar of Qazlal.
  1273 | D:2      | Noticed Terence
  1558 | D:2      | Reached skill level 4 in Conjurations
  1558 | D:2      | Reached XP level 4. HP: 30/30 MP: 3/9
  1996 | D:3      | HP: 1/30 [orc/hand axe (5)]
  2031 | D:3      | Slain by a worker ant

Skill      XL: |  1  2  3 |
---------------+----------+-----
Dodging        | 2 |  2.3
Spellcasting   | 3 |  3.6
Conjurations   | 4 |  4.1
Short Blades   | |  0.1
Maces & Flails | |  0.4
Stealth        | |  1.7
Hexes          | |  0.3

Action                   |  1- 3 |  4- 6 || total
-------------------------+-------+-------++-------
Melee: Dagger            |    22 |       ||    22
       Whip              |     8 |    46 ||    54
 Cast: Magic Dart        |    53 |    23 ||    76
       Searing Ray       |     6 |     4 ||    10
       Dazzling Spray    |       |     3 ||     3
  Use: Scroll            |     4 |       ||     4
Armor: Robe              |     4 |     5 ||     9
Dodge: Dodged            |    27 |    23 ||    50
